Map: Dreamcatcher LE

Players

Cure - Winner!

  • Race: Terran Terran
  • Spawn Location: 5:00

lIIllllIIlll (INnoVation)

  • Race: Terran Terran
  • League: Master
  • Spawn Location: 11:00

Event: HomeStory Cup XVIII

VOD

Have the link to the VOD?

Description

Time

  • Played on: Nov. 25, 2018, 10:09 a.m.
  • Length: 5:18

All games in this series

Show
View Real Time Build Order
Export as new Build Order

Cure Terran - Winner!

Build Orders: Banshee Rush 

Get SALT Encoding   

  12  0:00  SCV  
  13  0:12  SCV  
  14  0:17  Supply Depot  
  14  0:24  SCV  
  15  0:38  SCV  
  15  0:40  Barracks  
  16  0:42  Refinery  
  16  0:50  SCV  
  17  1:02  SCV  
  18  1:09  Refinery  
  18  1:15  SCV  
  19  1:27  Reaper, Orbital Command  
  20  1:38  Supply Depot  
  20  1:50  Factory  
  20  1:53  SCV  
  21  1:59  Reaper  
  22  2:05  SCV  
  23  2:17  SCV  
  24  2:29  SCV  
  25  2:31  Marine  
  25  2:35  Hellion  
  25  2:36  Starport  
  27  2:38  Supply Depot  
  27  2:41  SCV  
  28  2:49  Barracks Reactor  
  28  2:53  SCV  
  28  2:56  Hellion  
  31  3:05  SCV  
  32  3:13  Starport Tech Lab  
  32  3:17  SCV  
  32  3:18  Hellion  
  32  3:19  Supply Depot  
  35  3:26  Marine x2  
  37  3:30  SCV  
  37  3:31  Cloaking Field  
  38  3:39  Factory Tech Lab  
  38  3:40  Banshee  
  41  3:43  Supply Depot  
  41  3:47  Marine x2  
  42  3:57  Siege Tank  
  42  4:01  Supply Depot  
  45  4:06  Marine x2  
  47  4:12  Supply Depot  
  45  4:22  Supply Depot  
  45  4:32  Banshee  
  45  4:35  Marine  
  45  4:37  Siege Tank  
  50  4:52  Marine  
Show
View Real Time Build Order
Export as new Build Order

lIIllllIIlll Terran 

Build Orders:  

Get SALT Encoding   

  12  0:00  SCV  
  13  0:13  Supply Depot  
  13  0:18  SCV  
  14  0:35  Barracks  
  14  0:40  Refinery  
  14  0:54  Barracks  
  14  0:59  SCV  
  15  1:11  SCV  
  16  1:21  Refinery  
  17  1:25  Reaper  
  17  1:36  Orbital Command  
  17  1:56  Factory  
  17  2:02  Reaper  
  18  2:12  Reaper  
  18  2:13  SCV  
  19  2:25  SCV  
  20  2:35  Reaper  
  21  2:37  SCV  
  21  2:39  Factory Tech Lab  
  22  2:44  Reaper  
  22  2:47  Supply Depot  
  23  3:09  Cyclone  
  23  3:10  Supply Depot  
  23  3:12  Mag-Field Accelerator  
  26  3:21  Reaper  
  26  3:25  SCV  
  28  3:37  SCV  
  28  3:41  Cyclone  
  32  3:43  Supply Depot  
  32  3:53  Reaper  
  33  3:56  Engineering Bay  
  33  4:13  Cyclone  
  36  4:23  Missile Turret  
  36  4:28  Reaper  
  36  4:35  SCV  
  36  4:45  Cyclone  
  39  4:47  SCV  
  40  4:55  Missile Turret  
Tags
 
Add a new tag
Caveats
  • Supply blocks, unpowered buildings, or Contaminate may cause inaccurate times.
  • Supply counts are checked every 10 seconds.